 Dungeon Crawl Stone Soup version 0.22-a0-407-gb098539 (webtiles) character file.

211198 Gorglomux the Brawler (level 17, -17/184 HPs)
             Began as a Troll Fighter on May 9, 2018.
             Was the Champion of Okawaru.
             Killed from afar by a Hell Sentinel (41 damage)
             ... with damnation
             ... summoned by a deep elf demonologist
             ... led by an ironheart preserver
             ... on level 2 of the Vaults.
             The game lasted 00:27:58 (20804 turns).

Gorglomux the Brawler (Troll Fighter)              Turns: 20804, Time: 00:27:59

Health: -17/184    AC: 10    Str: 29    XL:     17   Next: 73%
Magic:  20/23      EV: 17    Int:  6    God:    Okawaru [******]
Gold:   1421       SH: 26    Dex: 11    Spells: 16/16 levels left

rFire    . . .     SeeInvis .     - Unarmed
rCold    + . .     Gourm    +   m - +4 large shield
rNeg     . . .     Faith    .   S - +2 robe of Vines {NoPotionHeal Regen+7}
rPois    +         Spirit   .   F - +1 hat {god gift}
rElec    .         Reflect  .   y - +1 cloak {rPois} {god gift}
rCorr    .         Harm     .   (gloves unavailable)
MR       +....                  (boots unavailable)
Stlth    +++.......             K - amulet of the acrobat
HPRegen  3.60/turn              o - ring of poison resistance
MPRegen  0.18/turn              c - ring of protection from cold

@: about to teleport, heroism, finesse, very slightly contaminated
A: large, unfitting armour, claws 3, fast metabolism 3, gourmand, regeneration
1, shaggy fur 1, tough skin 2
}: 2/15 runes: serpentine, barnacled
a: Heroism, Finesse, Renounce Religion


You were on level 2 of the Vaults.
You worshipped Okawaru.
Okawaru was exalted by your worship.
You were very full.

You visited 6 branches of the dungeon, and saw 30 of its levels.

You collected 1686 gold pieces.
You spent 265 gold pieces at shops.

Inventory:

Hand Weapons
 a - a +5 scimitar of flaming
Missiles
 Z - 3 throwing nets (quivered)
Armour
 m - a +4 large shield (worn)
 y - a +1 cloak of poison resistance (worn) {god gift}
 F - a +1 hat (worn) {god gift}
 S - the +2 robe of Vines (worn) {NoPotionHeal Regen+7}
   (You found it on level 7 of the Dungeon)

   It increases your rate of regeneration.
Jewellery
 c - a ring of protection from cold (right claw)
 o - a ring of poison resistance (left claw)
 x - an uncursed ring of stealth
 C - a +6 ring of intelligence
 G - a +6 ring of intelligence
 K - an amulet of the acrobat (around neck)
 V - a cursed ring of loudness
 X - a +2 amulet of reflection
Wands
 D - a wand of digging (9)
 E - a wand of enslavement (19)
 I - a wand of iceblast (36)
 O - a wand of clouds (5)
 P - a wand of paralysis (53)
Scrolls
 i - 11 scrolls of remove curse
 j - 5 scrolls of amnesia
 l - 6 scrolls of fog
 p - 2 scrolls of vulnerability
 q - 8 scrolls of immolation
 u - 2 scrolls of fear
 z - 2 scrolls of enchant weapon
 A - a scroll of brand weapon
 B - 3 scrolls of blinking
 H - a scroll of holy word
 M - a scroll of magic mapping
 R - 2 scrolls of identify
 T - 4 scrolls of teleportation
Potions
 g - 2 potions of resistance
 k - 2 potions of agility
 r - 5 potions of haste
 s - a potion of lignification
 t - 4 potions of brilliance
 w - 6 potions of heal wounds
 J - 2 potions of cancellation
 L - a potion of might
 Q - 7 potions of curing
 W - 7 potions of degeneration
 Y - 3 potions of mutation
Miscellaneous
 U - a box of beasts
Comestibles
 d - 41 rations
 N - 2 chunks of flesh


   Skills:
 + Level 15.6(20.6) Fighting
 + Level 9.5(14.5) Dodging
 + Level 10.7(15.7) Shields
 + Level 18.0(23.0) Unarmed Combat
 - Level 10.0 Invocations


You had 16 spell levels left.
You didn't know any spells.

Dungeon Overview and Level Annotations

Branches:
Dungeon (15/15)            Temple (1/1) D:7            Lair (4/6) D:10
 Shoals (4/4) Lair:2        Snake (4/4) Lair:2          Orc (0/2) D:10
 Vaults (2/5) D:13         Depths (0/5) D:15
  Crypt: Vaults:2-3

Altars:
Ashenzari
Cheibriados
Dithmenos
Elyvilon
Fedhas
Gozag
Hepliaklqana
Kikubaaqudgha
Makhleb
Nemelex Xobeh
Okawaru
Qazlal
Ru
Sif Muna
Trog
Uskayaw
Vehumet
Wu Jian
Xom
Yredelemnul
Zin
The Shining One

Shops:
D:4 =   D:9 *   Shoals:4 *

Portals:
Trove: D:15 (give +5 demon blade)

Annotations:
D:12 exclusion: 2 doors
Shoals:2 exclusion: ice statue
Shoals:4 Ilsuiw


Innate Abilities, Weirdness & Mutations

You are too large for most types of armour.
You have claws for hands.
Your metabolism is lightning-fast.
You like to eat raw meat.
Your natural rate of healing is unusually fast.
You are covered in fur. (AC +1)
You have very tough skin. (AC +2)


Message History

You block the green death's attack!
The deep elf knight is engulfed in poison gas!
The deep elf knight looks butts butt as possible!!!
The ynoxinul closely misses you!
Unknown butt!
You barely miss the deep elf demonologist!
The deep elf demonologist is moderately wounded!
You block the deep elf knight's attack!
The Hell Sentinel hits butt but does no damage!
The Hell Sentinel hits you!!! * * * butt't die
* * * The green death hits you!!!!!! * * * butt'butt die
* * * Blink to where?
Press: ? - help, Dir - move target cursor Butt are very lightly contaminated with residual magic!
As butt read the scroll of blinking, it crumbles to dust!
The Hell Sentinel gestures at you!
The sphere of damnation explodes!!!
The damnation engulfs you!!! butt

...§§§e...))†...)......
...§§§2ee......))......
...§§p33.......).......
...§.51e...............
.......................
.......5...............
.......................
########...............
#.....@#########
#......# +.......
#........ #...._....
#..........
#...........
.......#.....


You could see a Hell Sentinel, a green death, a soul eater, a deep elf
demonologist, 2 deep elf knights, a ynoxinul and an ufetubus.

Vanquished Creatures
  Bai Suzhen (Shoals:4)
  10 nagarajas
  A deep elf sorcerer (Vaults:1)
  Aizul (Shoals:3)
  3 ironheart preservers
  The ghost of p0werm0de the Severer, a journeyman DDFi of Makhleb (Snake:1)
  A dire elephant (Lair:3)
  Azrael (D:12)
  An ettin (D:15)
  A yaktaur captain (Vaults:1)
  9 merfolk impalers
  The ghost of Armakuni the Transmogrifier, a journeyman VSTm of Elyvilon (D:13)
  Harold (Lair:3)
  A rakshasa (Vaults:1)
  12 naga warriors
  4 hydras
  A merfolk aquamancer (Shoals:4)
  11 anacondas
  5 centaur warriors
  An alligator snapping turtle (Shoals:4)
  The ghost of KlownO the Basher, a journeyman GrGl of Sif Muna (Lair:1)
  A death knight (D:15)
  A deep troll shaman (Vaults:1)
  2 ogre magi
  2 deep troll earth magi (Vaults:1)
  6 death yaks (Lair:4)
  7 two-headed ogres
  6 shock serpents
  Sonja (D:11)
  10 naga sharpshooters
  2 deep elf knights (Vaults:1)
  4 skeletal warriors (D:13)
  A salamander mystic (Snake:3)
  13 sea snakes
  2 unseen horrors (Vaults:1)
  2 wizards (Vaults:1)
  3 deep elf archers
  12 deep elf magi
  5 naga ritualists
  4 deep trolls
  2 ironbrand convokers (Vaults:1)
  An orc knight (Vaults:1)
  3 harpies (Shoals:1)
  12 mana vipers
  An orc sorcerer (Vaults:1)
  7 fauns
  15 ugly things
  3 manticores
  11 slime creatures
  2 cyclopes
  12 elephants (Lair:3)
  4 salamanders
  2 vault sentinels (Vaults:1)
  26 black mambas
  5 merfolk sirens
  A gargoyle (D:14)
  Psyche (D:10)
  16 naga magi
  4 guardian serpents
  6 spiny frogs
  A kobold demonologist (D:12)
  2 rime drakes
  An efreet (D:14)
  3 komodo dragons
  2 freezing wraiths
  2 guardian mummies (D:15)
  4 yaktaurs (D:13)
  A queen bee (D:9)
  13 merfolk
  A meliai (shapeshifter) (Vaults:1)
  A polar bear (Lair:3)
  2 trolls
  A sphinx simulacrum (Vaults:1)
  7 blink frogs
  2 wind drakes
  A dream sheep (shapeshifter) (Vaults:1)
  A human simulacrum (Vaults:1)
  6 snapping turtles
  8 hippogriffs
  A meliai zombie (D:15)
  2 vampires
  A shadow (D:13)
  A spriggan (Lair:3)
  5 fire elementals (D:12)
  3 wraiths
  39 yaks
  The ghost of dstrtnsr the Chopper, an amateur HOBe of Trog (D:4)
  3 water elementals
  A basilisk (Lair:4)
  5 vampire mosquitoes
  57 nagas
  A soldier ant (D:13)
  11 water moccasins
  2 wargs (D:10)
  A hell hound (D:12)
  10 porcupines
  9 orc warriors
  A meliai simulacrum (D:14)
  3 ice beasts
  4 phantoms
  2 sky beasts
  16 ogres
  An eye of draining (D:11)
  4 wolves (Lair:4)
  14 centaurs
  4 big kobolds
  2 crocodiles
  8 bullfrogs
  A scorpion (D:7)
  The ghost of dstrtnsr the Chopper, a weakling HOBe of Trog (D:3)
  23 killer bees
  4 wights (D:15)
  4 electric eels
  5 howler monkeys
  2 crimson imps
  4 hounds
  A jelly (D:7)
  A centaur zombie (D:7)
  A bullfrog skeleton (D:13)
  A bullfrog zombie (D:6)
  12 orc priests
  19 orc wizards
  9 centaur skeletons
  2 iguanas
  9 worker ants
  4 hell rats (Lair:4)
  A killer bee zombie (D:8)
  A hound zombie (D:5)
  3 hound skeletons
  A worker ant zombie (D:5)
  7 gnolls
  A howler monkey skeleton (D:5)
  A howler monkey zombie (D:11)
  10 adders
  5 shadow imps
  3 oozes
  An adder zombie (D:8)
  2 worms
  A dart slug (D:2)
  2 leopard geckos
  56 orcs
  A giant cockroach (D:1)
  9 goblins
  9 hobgoblins
  2 jackals (D:5)
  5 quokkas
  A ball python (D:3)
  7 bats
  7 frilled lizards
  20 kobolds
  A quokka skeleton (D:7)
  6 rats (D:1)
823 creatures vanquished.

Vanquished Creatures (others)
  A deep elf knight (Vaults:1)
  A quokka (D:8)
  19 fungi
  39 plants
60 creatures vanquished.

Grand Total: 883 creatures vanquished

Notes
Turn   | Place    | Note
-------+----------+-------------------------------------------
     0 | D:1      | Gorglomux the Troll Fighter began the quest for the Orb.
     0 | D:1      | Reached XP level 1. HP: 22/22 MP: 0/0
   122 | D:1      | Reached XP level 2. HP: 20/29 MP: 1/1
   471 | D:2      | Reached skill level 3 in Fighting
   488 | D:2      | Reached XP level 3. HP: 31/37 MP: 2/2
   658 | D:2      | Reached skill level 3 in Unarmed Combat
   672 | D:2      | Found an opulent altar of Gozag.
   988 | D:3      | Noticed dstrtnsr's ghost (weakling HOBe)
   994 | D:3      | Killed dstrtnsr's ghost
   994 | D:3      | Reached XP level 4. HP: 30/46 MP: 3/3
  1251 | D:3      | Found a deep blue altar of Sif Muna.
  1466 | D:4      | Noticed an ogre
  1490 | D:4      | Killed an ogre
  1490 | D:4      | Reached skill level 4 in Unarmed Combat
  1490 | D:4      | Reached XP level 5. HP: 24/54 MP: 4/4
  1538 | D:4      | Reached XP level 6. HP: 43/62 MP: 5/5
  1702 | D:4      | Reached skill level 5 in Unarmed Combat
  1730 | D:4      | Found Obittuap's Jewellery Boutique.
  1740 | D:4      | Bought a +2 amulet of reflection for 97 gold pieces
  1770 | D:4      | Noticed dstrtnsr's ghost (amateur HOBe)
  1780 | D:4      | Killed dstrtnsr's ghost
  1780 | D:4      | Reached XP level 7. HP: 51/72 MP: 6/6
  2278 | D:5      | Entered Level 5 of the Dungeon
  2404 | D:5      | Reached skill level 6 in Unarmed Combat
  3430 | D:6      | Reached skill level 6 in Fighting
  3430 | D:6      | Reached XP level 8. HP: 83/83 MP: 7/7
  3434 | D:6      | Reached skill level 7 in Unarmed Combat
  4163 | D:7      | Found the +2 robe of Vines {NoPotionHeal Regen+7}
  4182 | D:7      | Reached skill level 8 in Unarmed Combat
  4628 | D:7      | Reached XP level 9. HP: 93/93 MP: 8/8
  4760 | D:7      | Found a staircase to the Ecumenical Temple.
  4770 | Temple   | Entered the Ecumenical Temple
  5046 | Temple   | Became a worshipper of Warmaster Okawaru
  5235 | D:8      | Found a white marble altar of Elyvilon.
  5245 | D:8      | Found a blossoming altar of Fedhas.
  5266 | D:8      | Reached skill level 9 in Unarmed Combat
  5739 | D:9      | Reached * piety under Okawaru
  5789 | D:9      | Noticed a queen bee
  5803 | D:9      | Killed a queen bee
  5840 | D:9      | Reached ** piety under Okawaru
  5845 | D:9      | Reached skill level 10 in Unarmed Combat
  5951 | D:9      | Found Uqawy's Assorted Antiques.
  5954 | D:9      | Bought a scroll of teleportation for 84 gold pieces
  5954 | D:9      | Bought a scroll labeled EBROSY COITSI for 28 gold pieces
  5954 | D:9      | Bought a scroll labeled ALUMAXK FAUNG for 28 gold pieces
  5954 | D:9      | Bought a scroll labeled WICWOUFFAMP for 28 gold pieces
  6086 | D:9      | Found a shimmering altar of Xom.
  6210 | D:9      | Reached skill level 9 in Fighting
  6325 | D:9      | Reached XP level 10. HP: 107/107 MP: 9/9
  6457 | D:10     | Entered Level 10 of the Dungeon
  6710 | D:10     | Noticed Psyche
  6723 | D:10     | Killed Psyche
  6785 | D:10     | Reached skill level 1 in Invocations
  6800 | D:10     | Reached *** piety under Okawaru
  6848 | D:10     | Found a staircase to the Orcish Mines.
  6883 | D:10     | Found a staircase to the Lair.
  6889 | D:10     | Reached skill level 3 in Shields
  6917 | D:10     | Reached skill level 11 in Unarmed Combat
  6951 | D:10     | Reached skill level 3 in Invocations
  6964 | D:10     | Reached **** piety under Okawaru
  7195 | D:11     | Noticed Sonja
  7202 | D:11     | Killed Sonja
  7241 | D:11     | Reached XP level 11. HP: 117/117 MP: 12/12
  7337 | D:11     | Reached ***** piety under Okawaru
  7423 | D:11     | Noticed a two-headed ogre
  7428 | D:11     | Noticed a four-headed hydra
  7428 | D:11     | Killed a two-headed ogre
  7440 | D:11     | Killed an eight-headed hydra
  8082 | D:12     | Noticed a catoblepas
  8082 | D:12     | Noticed a catoblepas
  8229 | D:12     | Noticed Azrael
  8243 | D:12     | Killed Azrael
  8243 | D:12     | Received a gift from Okawaru
  8243 | D:12     | Reached skill level 12 in Unarmed Combat
  9141 | D:13     | Noticed a two-headed ogre
  9145 | D:13     | Noticed a skeletal warrior
  9147 | D:13     | Noticed an ogre mage
  9147 | D:13     | Noticed a two-headed ogre
  9154 | D:13     | Killed a skeletal warrior
  9162 | D:13     | Reached skill level 6 in Shields
  9165 | D:13     | Reached XP level 12. HP: 89/128 MP: 8/15
  9168 | D:13     | Killed a two-headed ogre
  9168 | D:13     | Reached skill level 6 in Invocations
  9180 | D:13     | Killed a two-headed ogre
  9240 | D:13     | Killed an ogre mage
  9267 | D:13     | Noticed a centaur warrior
  9276 | D:13     | Killed a centaur warrior
  9352 | D:13     | Found a gate to the Vaults.
  9407 | D:13     | Noticed a two-headed ogre
  9413 | D:13     | Killed a two-headed ogre
  9511 | D:13     | Reached ****** piety under Okawaru
  9550 | D:13     | Noticed Armakuni's ghost (journeyman VSTm)
  9557 | D:13     | Killed Armakuni's ghost
  9557 | D:13     | Received a gift from Okawaru
  9757 | D:14     | Reached skill level 13 in Unarmed Combat
  9760 | D:14     | Noticed a centaur warrior
  9900 | D:14     | Found a shadowy altar of Dithmenos.
  9931 | D:14     | Reached XP level 13. HP: 137/137 MP: 15/17
 10312 | D:15     | Entered Level 15 of the Dungeon
 10544 | D:15     | Found an ornate altar of the Wu Jian Council.
 10666 | D:15     | Received a gift from Okawaru
 10676 | D:15     | Noticed an ettin
 10684 | D:15     | Killed an ettin
 11095 | D:15     | Found a staircase to the Depths.
 11227 | D:15     | Found a portal to a secret trove of treasure.
 11238 | D:15     | Reached skill level 12 in Fighting
 11450 | Lair:1   | Entered Level 1 of the Lair of Beasts
 11453 | Lair:1   | Found an ancient bone altar of Kikubaaqudgha.
 11477 | Lair:1   | Noticed KlownO's ghost (journeyman GrGl)
 11486 | Lair:1   | Killed KlownO's ghost
 11486 | Lair:1   | Reached skill level 9 in Invocations
 11795 | Lair:1   | Received a gift from Okawaru
 11919 | Lair:1   | Reached skill level 14 in Unarmed Combat
 12442 | Lair:2   | Found a staircase to the Snake Pit.
 12522 | Lair:2   | Found a staircase to the Shoals.
 12812 | Lair:2   | Reached skill level 9 in Shields
 12848 | Lair:2   | Reached XP level 14. HP: 149/149 MP: 19/19
 13072 | Lair:3   | Found a burning altar of Makhleb.
 13073 | Lair:3   | Noticed Harold
 13086 | Lair:3   | Killed Harold
 13401 | Lair:3   | Received a gift from Okawaru
 13769 | Lair:4   | Found a dark tunnel.
 13807 | Lair:4   | Reached skill level 15 in Unarmed Combat
 14567 | Snake:1  | Entered Level 1 of the Snake Pit
 14742 | Snake:1  | Noticed p0werm0de's ghost (journeyman DDFi)
 14758 | Snake:1  | Killed p0werm0de's ghost
 14922 | Snake:1  | Received a gift from Okawaru
 14979 | Snake:1  | Reached skill level 3 in Dodging
 15196 | Snake:2  | Received a gift from Okawaru
 15268 | Snake:2  | Reached XP level 15. HP: 147/161 MP: 13/21
 15946 | Snake:3  | Noticed a nagaraja
 15972 | Snake:3  | Received a gift from Okawaru
 15983 | Snake:3  | Reached skill level 16 in Unarmed Combat
 16075 | Snake:3  | Killed a nagaraja
 16207 | Snake:4  | Entered Level 4 of the Snake Pit
 16485 | Snake:4  | Noticed a nagaraja
 16494 | Snake:4  | Killed a nagaraja
 16751 | Snake:4  | Reached skill level 6 in Dodging
 17098 | Snake:4  | Noticed a nagaraja
 17099 | Snake:4  | Noticed a nagaraja
 17109 | Snake:4  | Reached XP level 16. HP: 164/174 MP: 19/22
 17124 | Snake:4  | Received a gift from Okawaru
 17415 | Snake:4  | Reached skill level 17 in Unarmed Combat
 17813 | Snake:4  | Got a serpentine rune of Zot
 18074 | Shoals:1 | Entered Level 1 of the Shoals
 18288 | Shoals:2 | Found a frozen archway.
 18326 | Shoals:2 | Reached skill level 15 in Fighting
 18555 | Shoals:3 | Received a gift from Okawaru
 18599 | Shoals:4 | Entered Level 4 of the Shoals
 18621 | Shoals:4 | Noticed Aizul
 18649 | Shoals:3 | Killed Aizul
 18824 | Shoals:4 | Noticed Bai Suzhen
 18848 | Shoals:4 | Reached XP level 17. HP: 170/184 MP: 20/23
 18974 | Shoals:4 | Killed Bai Suzhen
 18974 | Shoals:4 | Received a gift from Okawaru
 19041 | Shoals:4 | Noticed Ilsuiw
 19085 | Shoals:4 | Found Watri Wiac's General Store.
 19101 | Shoals:4 | Got a barnacled rune of Zot
 19359 | Vaults:1 | Entered Level 1 of the Vaults
 19802 | Vaults:1 | Reached skill level 9 in Dodging
 19855 | Vaults:1 | Received a gift from Okawaru
 20745 | Vaults:2 | Reached skill level 18 in Unarmed Combat
 20761 | Vaults:2 | Received a gift from Okawaru
 20789 | Vaults:2 | Noticed a Hell Sentinel
 20804 | Vaults:2 | Found an ancient bone altar of Kikubaaqudgha.
 20804 | Vaults:2 | Killed from afar by a Hell Sentinel

Vault maps used:
D:1:      dpeg_arrival_rhombi, minmay_pentomino_v4
D:2:      first_ration, grunt_gozag_breadcrumbs
D:3:      lemuel_blue_sif_altar
D:4:      serial_shops, shop_statue
D:5:      kennysheep_windowed_goal
D:7:      minmay_temple_entry_nine_rooms, serial_bayou_pond_b
D:8:      elyvilon_altar_4, fedhas_altar_2
D:9:      basic_altar, serial_shops, nicolae_shop_window_shopping,
          david_nohive_1, lightli_fourway_metalbox
D:10:     erik_lair_orcish_takeover, orc_0_dummy, serial_glass, glass_columns_a,
          glass_columns_b, special_room, uniq_psyche
D:11:     uniq_sonja
D:12:     nzn_motion_control, uniq_azrael
D:13:     hangedman_vaults_entry_quadrant_bands
D:14:     nicolae_dithmenos_through_a_glass_darkly
D:15:     hangedman_depths_entry_civil_slaughter,
          nicolae_trove_entry_path_of_doom, lemuel_coloured_pillars_altar
Temple:   regret_index_temple_sigil_plot
Lair:1:   basic_altar
Lair:2:   minmay_shoals_entry_lonely_mermaid,
          minmay_snake_entry_guardpost_medium, serial_bayou_shore_a,
          infiniplex_staircase_pool_2, serial_bayou_shore_b, lemuel_fruit_fields
Lair:3:   mu_elephants_graveyard, basic_altar, guppyfry_lair_drakes, uniq_harold
Lair:4:   beast_lair_carwin_large_4, nicolae_volcano_entry_two_sided
Shoals:2: portal_ice_cave_entry_ice_statue_one
Shoals:4: shoals_end_grunt_garden, shoals_ilsuiw_ice, serial_shops,
          nicolae_shop_statue_plus, abandoned_shop, uniq_bai_suzhen, uniq_aizul,
          uniq_donald
Snake:2:  nicolae_snake_nest
Snake:4:  grunt_snake_rune_pools
Vaults:1: ontoclasm_vaults_ring_small, ontoclasm_vaults_shout,
          ontoclasm_vaults_spin, vaults_mumra_chevron, vaults_room_door_ring,
          vaults_room_stairs_pillars, nicolae_vaults_windows_and_doors_thing,
          nicolae_vaults_network_star, vaults_room_hallway,
          nicolae_vaults_alarming, vaults_room_hallway,
          nicolae_vaults_sealed_display, nicolae_vaults_little_squares_2,
          ontoclasm_vaults_gateway
Vaults:2: v_alt_pattern_6, vaults_room_boxed, grunt_vaults_focal,
          hangedman_vaults_snaps, vaults_mumra_hex,
          vaults_standard_mumra_enter_the_diamond, st_lattice,
          nicolae_vaults_network_s, ontoclasm_vaults_ligature,
          nicolae_vaults_big_angled_halls, basic_altar

Skill      XL: |  1  2  3  4  5  6  7  8  9 10 11 12 13 14 15 16 17 |
---------------+----------------------------------------------------+-----
Fighting       | 3 4 5 6 7 9 10 11 12 13 14 15 | 15.6
Unarmed Combat | 3 4 5 6 8 10 11 12 13 14 15 16 17 18 | 18.0
Invocations    | 3 5 7 9 10 | 10.0
Shields        | 4 6 7 9 10 | 10.7
Dodging        | 3 6 8 9 |  9.5

Action                   |  1- 3 |  4- 6 |  7- 9 | 10-12 | 13-15 | 16-18 || total
-------------------------+-------+-------+-------+-------+-------+-------++-------
Melee: Unarmed           |   114 |   124 |   344 |   633 |  1080 |   819 ||  3114
Throw: Throwing net      |       |       |       |     1 |       |     1 ||     2
Invok: Heroism           |       |       |     4 |    14 |    23 |    15 ||    56
       Finesse           |       |       |       |     6 |    16 |    11 ||    33
Evoke: Wand              |       |       |     1 |     1 |       |     1 ||     3
  Use: Potion            |       |       |     1 |     1 |       |     8 ||    10
       Scroll            |       |       |    11 |    11 |     9 |    17 ||    48
 Stab: Paralysed         |       |       |       |     2 |       |       ||     2
       Sleeping          |       |       |       |     1 |     2 |       ||     3
  Eat: Chunk             |    15 |     7 |    37 |    38 |    64 |    21 ||   182
       Ration            |       |       |       |       |       |     3 ||     3
Armor: Robe              |    42 |    28 |    83 |   116 |    92 |    84 ||   445
Dodge: Dodged            |    47 |    45 |   118 |   227 |   372 |   253 ||  1062
Block: Shield            |    44 |    67 |   121 |   275 |   495 |    42 ||  1044
       Large shield      |       |       |       |       |       |   673 ||   673

Table legend:
 A = Spawn XP
 B = Non-spawn XP
 C = Spawn XP percentage of total XP
 D = Spawn monster count
 E = Non-spawn monster count
 F = Spawn count percentage of total count
 G = Total turns spent on level
                    A         B        C        D         E        F      G
               +---------+---------+-------+---------+---------+-------+---------
         Total |       0 |  270495 |   0.0 |       0 |     824 |   0.0 | 20804
               +---------+---------+-------+---------+---------+-------+---------
           D:1 |       0 |      37 |   0.0 |       0 |      21 |   0.0 |   468
           D:2 |       0 |      55 |   0.0 |       0 |      14 |   0.0 |   444
           D:3 |       0 |     103 |   0.0 |       0 |      16 |   0.0 |   448
           D:4 |       0 |     700 |   0.0 |       0 |      25 |   0.0 |   918
           D:5 |       0 |     331 |   0.0 |       0 |      19 |   0.0 |  1111
           D:6 |       0 |     891 |   0.0 |       0 |      16 |   0.0 |   755
           D:7 |       0 |     838 |   0.0 |       0 |      20 |   0.0 |   717
           D:8 |       0 |     484 |   0.0 |       0 |      12 |   0.0 |   572
           D:9 |       0 |    2218 |   0.0 |       0 |      29 |   0.0 |   726
          D:10 |       0 |    3988 |   0.0 |       0 |      65 |   0.0 |   679
          D:11 |       0 |    6240 |   0.0 |       0 |      45 |   0.0 |  1064
          D:12 |       0 |    3975 |   0.0 |       0 |      25 |   0.0 |  1049
          D:13 |       0 |   16451 |   0.0 |       0 |      49 |   0.0 |   806
          D:14 |       0 |    6106 |   0.0 |       0 |      20 |   0.0 |   547
          D:15 |       0 |   15041 |   0.0 |       0 |      37 |   0.0 |   991
        Lair:1 |       0 |    4398 |   0.0 |       0 |      11 |   0.0 |   810
        Lair:2 |       0 |    3997 |   0.0 |       0 |      20 |   0.0 |   888
        Lair:3 |       0 |   14675 |   0.0 |       0 |      43 |   0.0 |   662
        Lair:4 |       0 |    9322 |   0.0 |       0 |      30 |   0.0 |   848
      Shoals:1 |       0 |    4401 |   0.0 |       0 |       8 |   0.0 |   179
      Shoals:2 |       0 |    5012 |   0.0 |       0 |      13 |   0.0 |   369
      Shoals:3 |       0 |    9712 |   0.0 |       0 |      18 |   0.0 |   242
      Shoals:4 |       0 |   18478 |   0.0 |       0 |      24 |   0.0 |   307
       Snake:1 |       0 |    9027 |   0.0 |       0 |      16 |   0.0 |   620
       Snake:2 |       0 |    9346 |   0.0 |       0 |      17 |   0.0 |   327
       Snake:3 |       0 |   23886 |   0.0 |       0 |      47 |   0.0 |   827
       Snake:4 |       0 |   61233 |   0.0 |       0 |      99 |   0.0 |  1687
      Vaults:1 |       0 |   30299 |   0.0 |       0 |      46 |   0.0 |  1340
      Vaults:2 |       0 |    9251 |   0.0 |       0 |      19 |   0.0 |   105
               +---------+---------+-------+---------+---------+-------+---------
